 Dungeon Crawl Stone Soup version 0.20.1-1-g8b1a95d (webtiles) character file.

93 EnderCrypt the Shooter (level 4, -4/36 HPs)
             Began as a Centaur Hunter on Sept 11, 2017.
             Slain by an orc priest
             ... wielding a +0 morningstar
              (11 damage)
             ... on level 3 of the Dungeon.
             The game lasted 00:05:48 (1820 turns).

EnderCrypt the Shooter (Centaur Hunter)             Turns: 1820, Time: 00:05:49

Health: -4/36      AC: 10    Str: 15    XL:     4   Next: 36%
Magic:  4/4        EV:  7    Int: 10    God:
Gold:   114        SH:  0    Dex: 10    Spells: 3/3 levels left

rFire    . . .     SeeInvis .   a - +1 shortbow
rCold    . . .     Gourm    .   (shield currently unavailable)
rNeg     . . .     Faith    .   c - +0 leather armour
rPois    .         Spirit   .   (no helmet)
rElec    .         Reflect  .   (no cloak)
rCorr    .         Harm     .   i - +1 pair of gloves
MR       .....                  j - +0 centaur barding (curse)
Stlth    +.........             (no amulet)
Regen    0.2/turn               (no ring)
MPRegen  0.1/turn               (no ring)

@: very quick
A: hooves 3, deformed body, speed 2, tough skin 3
a: no special abilities


You were on level 3 of the Dungeon.
You were not hungry.

You visited 1 branch of the dungeon, and saw 3 of its levels.

You collected 114 gold pieces.

Inventory:

Hand Weapons
 a - a +1 shortbow (weapon)
 b - a +0 short sword
Missiles
 d - 7 arrows (quivered)
Armour
 c - a +0 leather armour (worn)
 i - a +1 pair of gloves (worn)
 j - a cursed +0 centaur barding (worn)
Jewellery
 n - an uncursed ring of magical power {unknown}
Scrolls
 h - a scroll of enchant weapon {unknown}
 l - a scroll of teleportation
 p - a scroll of remove curse {unknown}
 q - 2 scrolls of amnesia {unknown}
Potions
 e - 3 potions of curing
 g - 2 potions of cancellation {unknown}
 m - a potion of magic {unknown}
 o - a potion of ambrosia {unknown}
Books
 s - a book of Changes

   Spells                             Type                      Level
   a - Beastly Appendage              Transmutation                1
   b - Sticks to Snakes               Transmutation                2
   c - Spider Form                    Transmutation/Poison         3
   d - Ice Form                       Ice/Transmutation            4
   e - Blade Hands                    Transmutation                5
Comestibles
 f - 3 bread rations
 k - a fruit
 r - a royal jelly


   Skills:
 - Level 2.0 Fighting
 + Level 7.6 Bows
 + Level 1.6 Dodging
 - Level 0.4 Stealth


You had 3 spell levels left.
You didn't know any spells.

Dungeon Overview and Level Annotations

Branches:
Dungeon (3/15)

Altars:
Trog
Yredelemnul


Innate Abilities, Weirdness & Mutations

You have hooves in place of feet.
Armour fits poorly on your strangely shaped body.
You cover ground very quickly.
You have extremely tough skin. (AC +3)


Message History

You shoot an arrow. The arrow hits the orc priest.
The orc priest is heavily wounded.
The orc priest barely misses you.
Firing (i - inventory):
d - 10 arrows (quivered)
Press: ? - help, Shift-Dir - straight line, f/p - orc priest
Aim: an orc priest, wielding a morningstar and wearing a leather armour (heavily wounded)
You shoot an arrow. The arrow barely misses the orc priest.
Firing (i - inventory):
d - 9 arrows (quivered)
Press: ? - help, Shift-Dir - straight line, f/p - orc priest
Aim: an orc priest, wielding a morningstar and wearing a leather armour (heavily wounded)
You shoot an arrow.
The arrow closely misses the orc priest.
The orc priest hits you with a morningstar.
* * * LOW HITPOINT WARNING * * *
Firing (i - inventory):
d - 8 arrows (quivered)
Press: ? - help, Shift-Dir - straight line, f/p - orc priest
Aim: an orc priest, wielding a morningstar and wearing a leather armour (heavily wounded)
You shoot an arrow. The arrow barely misses the orc priest.
The orc priest hits you with a morningstar!
You die...

#.# #.#.# #.###...# #.....#
####.###.#.###.# #...# ###.###
.........(.(...###...# #.#
####.....(...........#######.#
####..####(.##.###...........#
......# ##.)#...##...######..###
#####.# #>(..........# #....#
#.# #.#.#...#....#### #.##.# #.#
#.#(.(.o@.......# #.##.#
#####.###.#.#...#####.#.# #.##.#
≈.≈...≈..≈..#.#.#.....#.# #.##.#
.≈.≈≈.≈≈....#.#.#.##..#.###.##.#
≈≈≈≈≈≈≈≈≈...#...#...........##.#
≈≈≈≈≈≈≈≈.≈..#########...######.#
≈≈≈≈≈≈≈≈........#...#.########.#
≈≈...≈≈≈≈.#..##.#.#.#.)........#
≈≈≈_.≈≈≈........#.#.#.†#########


You could see an orc priest.

Vanquished Creatures
  3 adders (D:3)
  A worm (D:3)
  4 dart slugs
  3 leopard geckos (D:3)
  4 orcs (D:3)
  2 giant cockroaches
  2 hobgoblins
  4 jackals (D:3)
  6 kobolds
  2 quokkas (D:2)
  3 bats
  2 frilled lizards
  5 goblins
  A leopard gecko skeleton (D:3)
  A quokka skeleton (D:3)
  4 rats
47 creatures vanquished.

Notes
Turn   | Place    | Note
-------+----------+-------------------------------------------
     0 | D:1      | EnderCrypt the Centaur Hunter began the quest for the Orb.
     0 | D:1      | Reached XP level 1. HP: 17/17 MP: 1/1
   126 | D:1      | You fall through a shaft!
   356 | D:1      | Reached XP level 2. HP: 24/24 MP: 2/2
   407 | D:1      | Reached skill level 6 in Bows
   931 | D:2      | Reached XP level 3. HP: 29/29 MP: 3/3
  1080 | D:2      | Found a bloodstained altar of Trog.
  1302 | D:3      | Found a basalt altar of Yredelemnul.
  1380 | D:3      | Reached skill level 7 in Bows
  1481 | D:3      | Reached XP level 4. HP: 36/36 MP: 4/4
  1529 | D:3      | Found a faded altar of an unknown god.
  1820 | D:3      | Slain by an orc priest

Skill      XL: |  1  2  3 |
---------------+----------+-----
Bows           | 6 7 |  7.6
Fighting       | |  2.0
Dodging        | |  1.6
Stealth        | |  0.4

Action                   |  1- 3 |  4- 6 || total
-------------------------+-------+-------++-------
 Fire: Shortbow          |   118 |    43 ||   161
  Use: Scroll            |     2 |       ||     2
  Eat: Chunk             |       |     1 ||     1
Armor: Leather armour    |    22 |     3 ||    25
Dodge: Dodged            |    25 |     3 ||    28
